 Dungeon Crawl Stone Soup version 0.17.1-3-g152610e (webtiles) character file.

53 Gargoyl the Skirmisher (level 3, -4/29 HPs)
             Began as a Demonspawn Abyssal Knight on Mar 30, 2016.
             Was a Follower of Lugonu.
             Killed from afar by Terence (6 damage)
             ... with a wand of magic darts
             ... on level 2 of the Dungeon.
             The game lasted 00:04:10 (1515 turns).

Gargoyl the Skirmisher (Demonspawn Abyssal Knight)  Turns: 1515, Time: 00:04:10

Health: -4/29      AC:  6    Str: 13    XL:     3   Next: 64%
Magic:  4/4        EV: 10    Int: 13    God:    Lugonu [*.....]
Gold:   134        SH:  0    Dex: 12    Spells: 0 memorised, 2 levels left

rFire  . . .     SeeInvis .     a - +1 hand axe
rCold  . . .     Clarity  .     g - +0 ring mail
rNeg   . . .     SustAt   +     (no shield)
rPois  .         Gourm    .     b - +1 hat
rElec  .         Spirit   .     (no cloak)
rCorr  .         Warding  .     (no gloves)
rMut   .         Stasis   .     (no boots)
MR     .....                    (no amulet)
Stlth  +.........               (no ring)
                                d - ring of sustain attributes

@: very slightly contaminated, hasted, very quick, not resistant to hostile
enchantments, very unstealthy
A: claws 1
a: Depart the Abyss, Renounce Religion


You were on level 2 of the Dungeon.
You worshipped Lugonu.
Lugonu was aware of your devotion.
You were not hungry.

You visited 1 branch of the dungeon, and saw 2 of its levels.
You visited the Abyss 1 time.

You collected 134 gold pieces.

Inventory:

Hand Weapons
 a - a +1 hand axe (weapon)
Armour
 b - a +1 hat (worn)
 g - a +0 ring mail (worn)
Jewellery
 d - a ring of sustain attributes (left claw)
Scrolls
 i - 2 scrolls of teleportation {unknown}
 k - a scroll of recharging {unknown}
 l - a scroll of amnesia {unknown}
 m - a scroll of remove curse {unknown}
 n - a scroll of enchant weapon {unknown}
 o - 2 scrolls of identify {unknown}
Potions
 e - a potion of haste
Comestibles
 c - 2 bread rations
 h - a meat ration
 j - a beef jerky


   Skills:
 + Level 3.4 Fighting
 + Level 2.2 Axes
 * Level 2.5 Armour
 + Level 1.3 Dodging
 + Level 0.4 Stealth
 + Level 2.5 Invocations


You had 2 spell levels left.
You didn't know any spells.

Dungeon Overview and Level Annotations

Branches:
Dungeon (2/15)

Altars:
Zin

Annotations:
D:2 Terence


Innate Abilities, Weirdness & Mutations

You have sharp fingernails.


Message History

Unknown command.
You completely miss Terence.
Terence is severely wounded.
Terence closely misses you.
Drink which item? (? for menu, Esc to quit)
It was a potion of haste.
You feel yourself speed up.
Terence zaps a wand.
The magic dart hits you!
* * * LOW HITPOINT WARNING * * *
You are very lightly contaminated with residual magic.
You barely miss Terence.
Terence is severely wounded.
Terence zaps a wand.
The magic dart hits you!
* * * LOW HITPOINT WARNING * * *
You hit Terence.
Terence is almost dead.
Terence closely misses you.
You hit Terence.
Terence is almost dead.
Terence zaps a wand.
The magic dart hits you!
You die...

## #[
######## ..
#$.....# ..
#...%..+ ..
#..@...##
..
#..@....###
#
##.........
#.......##
#....)..#
#.......#
#.........
####....#.
#.....
##.##


You could see Terence.

Vanquished Creatures
  An adder (D:2)
  2 worms (D:2)
  4 giant cockroaches
  3 goblins
  2 hobgoblins (D:2)
  3 jackals (D:2)
  7 kobolds
  A quokka (D:2)
  A ball python (D:2)
  5 bats
  2 giant geckos
  2 giant newts (D:1)
  4 rats
37 creatures vanquished.

Notes
Turn   | Place    | Note
--------------------------------------------------------------
     0 | Abyss:1  | Gargoyl the Demonspawn Abyssal Knight began the quest for the Orb.
     0 | Abyss:1  | Reached XP level 1. HP: 18/18 MP: 2/2
     0 | Abyss:1  | Found a corrupted altar of Lugonu.
   106 | Abyss:1  | Noticed a neqoxec
   136 | D:1      | Escaped the Abyss
   432 | D:1      | Reached skill level 1 in Dodging
   479 | D:1      | Gained mutation: You have sharp fingernails. [demonic ancestry]
   479 | D:1      | Reached XP level 2. HP: 18/24 MP: 3/3
   717 | D:1      | Reached * piety under Lugonu
   993 | D:2      | Reached XP level 3. HP: 21/29 MP: 4/4
  1382 | D:2      | Found a glowing silver altar of Zin.
  1499 | D:2      | Noticed Terence
  1515 | D:2      | Killed from afar by Terence

Action                   || total
-------------------------++-------
Melee: Hand axe          ||   127
Invok: Depart the Abyss  ||     1
  Use: Potion            ||     3
  Eat: Chunk             ||     2
